 Dungeon Crawl Stone Soup version 0.16.1-30-g34a7ffa (webtiles) character file.

29306 Yawgmoth the Spear-Bearer (level 13, -5/130 HPs)
             Began as a Minotaur Berserker on June 14, 2015.
             Was an Elder of Trog.
             Slain by an orc knight
             ... wielding a +0 bardiche
              (9 damage)
             ... on level 4 of the Orcish Mines.
             The game lasted 02:10:15 (14130 turns).

Yawgmoth the Spear-Bearer (Minotaur Berserker)     Turns: 14130, Time: 02:10:18

Health: -5/130     AC: 19    Str: 27 (28) XL:     13   Next: 14%
Magic:  1/1        EV: 11    Int:  6      God:    Trog [****..]
Gold:   2106       SH: 11    Dex: 11 (12) Spells: 0 memorised, 12 levels left

rFire  . . .     SeeInvis +     f - +3 demon trident (antimagic)
rCold  . . .     Clarity  +     H - +0 plate armour
rNeg   . . .     SustAb   .     z - +0 shield
rPois  +         Gourm    .     (helmet restricted)
rElec  .         Spirit   .     y - +2 cloak
rCorr  +         Warding  .     O - +2 pair of gloves {Str+3}
rMut   .         Stasis   .     (no boots)
MR     .....                    C - amulet of resist corrosion
Stlth  ..........               i - ring of poison resistance
                                v - ring of see invisible

@: exhausted, about to teleport, not resistant to hostile enchantments,
extremely unstealthy
A: retaliatory headbutt, horns 2, slimy green scales 1, clarity, deformed body,
deterioration 1, mutation resistance 1, robust 1, strong 1, MP-powered wands 1
a: Burn Spellbooks, Berserk, Trog's Hand, Brothers in Arms, Renounce Religion


You were on level 4 of the Orcish Mines.
You worshipped Trog.
Trog was greatly pleased with you.
You were not hungry.

You visited 2 branches of the dungeon, and saw 16 of its levels.
You also visited: Labyrinth, Sewer and Volcano.

You collected 2106 gold pieces.

Inventory:

Hand weapons
 f - a +3 antimagic demon trident (weapon)
 k - a +3 trident of flaming
 U - a +4 hand crossbow of flaming
Missiles
 X - 10 bolts of penetration
Armour
 o - a +3 chain mail of fire resistance
 y - a +2 cloak (worn)
 z - a +0 shield (worn)
 G - a +0 pair of gloves
 H - a +0 plate armour (worn)
 O - a +2 pair of gloves of strength (worn)
Rods
 u - a +2 rod of inaccuracy (12/12)
   (You found it in a labyrinth)
 Z - a +2 rod of the swarm (9/9)
   (You found it in a labyrinth)
Jewellery
 i - a ring of poison resistance (right hand)
 j - an uncursed amulet of stasis {unknown}
 n - an uncursed ring of protection from fire {unknown}
 q - an uncursed ring of positive energy
 t - an uncursed ring of positive energy
 v - a ring of see invisible (left hand)
 C - an amulet of resist corrosion (around neck)
 K - a +2 ring of intelligence {unknown}
Magical devices
 S - a wand of invisibility (5)
 T - a wand of disintegration (0)
Scrolls
 a - a scroll of torment {unknown}
 g - 6 scrolls of remove curse
 h - 9 scrolls of identify
 p - 2 scrolls of recharging
 w - a scroll of fear {unknown}
 B - 3 scrolls of fog
 D - a scroll of brand weapon {unknown}
 E - 2 scrolls of magic mapping
 I - 2 scrolls of blinking
 J - 2 scrolls of enchant armour
 N - a scroll of acquirement {unknown}
 V - a scroll of random uselessness {unknown}
 Y - a scroll of teleportation
Potions
 d - 5 potions of curing
 e - a potion of resistance
 m - a potion of agility
 s - a potion of invisibility
 x - 2 potions of berserk rage
Books
 L - a book of Ice

   Spells                             Type                      Level
   a - Ice Form                       Ice/Transmutation            4
   b - Metabolic Englaciation         Hexes/Ice                    5
   c - Ozocubu's Refrigeration        Ice                          6
   d - Bolt of Cold                   Conjuration/Ice              6
   e - Freezing Cloud                 Conjuration/Ice/Air          6
   f - Simulacrum                     Ice/Necromancy               6
   Trog disapproves of the use of such an item.
 P - a book of Dreams

   Spells                             Type                      Level
   a - Ensorcelled Hibernation        Hexes/Ice                    2
   b - Flight                         Charms/Air                   3
   c - Phase Shift                    Translocation                5
   d - Shadow Creatures               Summoning                    5
   e - Mass Confusion                 Hexes                        6
   f - Darkness                       Hexes                        7
   Trog disapproves of the use of such an item.
 R - a book of Fire

   Spells                             Type                      Level
   a - Ignite Poison                  Fire/Transmutation           5
   b - Fireball                       Conjuration/Fire             5
   c - Bolt of Fire                   Conjuration/Fire             6
   d - Delayed Fireball               Conjuration/Fire             7
   e - Ring of Flames                 Charms/Fire                  7
   Trog disapproves of the use of such an item.
 W - a book of Beasts

   Spells                             Type                      Level
   a - Summon Butterflies             Summoning                    1
   b - Call Canine Familiar           Summoning                    3
   c - Summon Ice Beast               Ice/Summoning                4
   d - Summon Mana Viper              Hexes/Summoning              5
   e - Monstrous Menagerie            Summoning                    6
   f - Summon Hydra                   Summoning                    7
   Trog disapproves of the use of such an item.
Miscellaneous
 F - a box of beasts
Comestibles
 b - 2 fruits
 c - 5 bread rations
 r - 2 slices of pizza
 A - a beef jerky
 Q - 4 meat rations


   Skills:
 + Level 12.4 Fighting
 * Level 14.5 Polearms
 + Level 3.8 Crossbows
 + Level 12.0 Armour
 + Level 11.0 Dodging
 - Level 8.0 Shields


You had 12 spell levels left.
You didn't know any spells.

Dungeon Overview and Level Annotations

Branches:
Dungeon (12/15)            Temple (0/1) D:7            Lair (0/8) D:9
    Orc (4/4) D:12            Elf (0/3) Orc:3

Altars:
Fedhas
Beogh

Shops:
Orc:3 (   Orc:4 (=


Innate Abilities, Weirdness & Mutations

You reflexively headbutt those who attack you in melee.
You have a pair of horns on your head.
You are partially covered in slimy green scales (AC +2).
You possess an exceptional clarity of mind.
Armour fits poorly on your strangely shaped body.
Your body is slowly deteriorating.
You are somewhat resistant to further mutation.
You are robust (+10% HP).
Your muscles are strong. (Str +2)
You expend magic power (3 MP) to slightly strengthen your wands.


Message History

You puncture the orc knight!
The orc knight is almost dead.
The orc knight barely misses you.
The orc warrior hits you with a hand axe!
* * * LOW HITPOINT WARNING * * *
You hit the orc knight but do no damage.
Your headbutt misses the orc knight.
The orc knight is almost dead.
You block the orc knight's attack.
The orc knight hits you from afar with a bardiche!!
* * * LOW HITPOINT WARNING * * *
Read which item? (? for menu, Esc to quit)
As you read the scroll of teleportation, it crumbles to dust.
You feel strangely unstable.
You feel yourself speed up. The orc knight hits you with a war axe.
* * * LOW HITPOINT WARNING * * *
The orc knight roars a battlecry!
The orc knight hits you from afar with a bardiche!
You die...

****#..#*****#.#*#.#*#..######..#
∩,,,#..# #.# #.# #..#...∩#..#
.,,,#..#######.###.###..#....#..#
..,,#.................).#....#..#
##)##oo#*#.#*#..........##)###..#
...o).o# #.# #..8.o.8....([))(...
##o###.# #.# #.oo.o.....##[###...
.o,o,#o###.###.###o###..#....#...
.,o,,#.o..o.o..#@o...#.[#....#...
,,,,,#.###.###.#.....#))#....#..#
∩,,,,#.# #.# #.#.._..#)(#...∩#...
*****#.#*#.#*#.#######)(######...
,,,,,...,...,...........)........
,,,,,...,...,..........).....)...
,,,,...........##...#############
,,,,...........###.#* #
,,,,,...,...,...#..,* #


You could see 2 orc knights.

Vanquished Creatures
  A minotaur (Lab)
  Josephine (D:10)
  A hydra (D:11)
  Erica (D:10)
  An unseen horror (D:10)
  Erolcha (Orc:2)
  A lindwurm (Orc:3)
  The ghost of Goblin1989 the Cleaver, an experienced MiBe of Trog (D:5)
  4 ugly things
  6 orc knights
  Maurice (D:8)
  A manticore (Volcano)
  Joseph (D:8)
  Psyche (Orc:1)
  2 trolls (Orc:2)
  2 two-headed ogres
  Sonja (D:10)
  2 fire drakes
  A spriggan (D:7)
  A wraith (D:10)
  A shadow (D:10)
  The ghost of Yawgmoth the Poker, an average MiBe of Trog (D:3)
  2 deep elf magi
  12 yaks
  3 hungry ghosts
  Eustachio (D:6)
  6 fire bats (Volcano)
  Grum (D:9)
  A hippogriff (D:10)
  2 wolves (D:9)
  11 wargs
  Edmund (D:6)
  Menkaure (D:4)
  31 orc warriors
  Purgy (Sewer)
  3 wasps
  A black bear (D:7)
  5 sky beasts
  3 phantoms (D:4)
  A water moccasin (D:7)
  3 necrophages
  6 ice beasts
  6 ogres
  3 centaurs
  9 giant frogs
  2 big kobolds (D:10)
  4 scorpions
  12 wights
  4 crimson imps
  A giant frog zombie (D:6)
  2 goliath beetles
  28 orc priests
  A centaur zombie (D:6)
  4 lava snakes (Volcano)
  5 hounds
  29 orc wizards
  2 jellies
  2 centaur skeletons
  5 iguanas
  3 worker ants
  A hound skeleton (D:9)
  A worker ant zombie (D:10)
  6 adders
  3 shadow imps (D:7)
  A giant mite (D:6)
  5 worms
  2 adder skeletons
  An adder zombie (D:9)
  9 giant geckos
  An ooze (D:2)
  162 orcs
  2 bat skeletons
  A bat zombie (D:5)
  2 giant cockroaches
  20 goblins
  16 hobgoblins
  6 jackals
  20 kobolds
  5 quokkas
  2 ball pythons
  A ball python skeleton (D:6)
  19 bats
  A giant gecko zombie (D:9)
  5 giant newts
  A quokka zombie (D:5)
  8 rats
551 creatures vanquished.

Vanquished Creatures (collateral kills)
  An orc high priest (Orc:2)
  A hill giant (D:10)
  A cyclops (D:11)
  A troll (D:12)
  7 yaks (D:10)
  2 wraiths (D:10)
  A warg (Orc:4)
  3 orc warriors
  A sky beast (D:11)
  A wight (D:11)
  A goliath beetle (D:10)
  An orc priest (D:10)
  An orc wizard (D:10)
  A worker ant zombie (D:11)
  An adder (D:11)
  11 orcs
  3 kobolds (D:10)
38 creatures vanquished.

Vanquished Creatures (others)
  2 two-headed ogres
  An ogre (Orc:4)
  A goblin (Orc:2)
4 creatures vanquished.

Grand Total: 593 creatures vanquished

Notes
Turn   | Place    | Note
--------------------------------------------------------------
     0 | D:1      | Yawgmoth, the Minotaur Berserker, began the quest for the Orb.
     0 | D:1      | Reached XP level 1. HP: 19/19 MP: 1/1
    93 | D:1      | Reached skill level 4 in Polearms
   142 | D:1      | Reached XP level 2. HP: 24/27 MP: 1/1
   459 | D:2      | Found a blossoming altar of Fedhas.
   463 | D:2      | Reached XP level 3. HP: 33/33 MP: 2/2
   468 | D:2      | Acquired Trog's second power
  1058 | D:3      | Reached XP level 4. HP: 15/40 MP: 2/2
  1388 | D:3      | Reached XP level 5. HP: 44/47 MP: 2/2
  1733 | D:3      | Reached skill level 5 in Polearms
  1820 | D:3      | Noticed Yawgmoth's ghost (average MiBe)
  1830 | D:3      | Killed Yawgmoth's ghost
  1830 | D:3      | Reached skill level 5 in Fighting
  1830 | D:3      | Reached skill level 1 in Shields
  1830 | D:3      | Reached XP level 6. HP: 56/56 MP: 3/3
  2281 | D:4      | Reached XP level 7. HP: 61/61 MP: 3/3
  2464 | D:4      | Reached skill level 5 in Armour
  2486 | D:4      | Reached skill level 6 in Polearms
  2507 | D:4      | Acquired Trog's third power
  2638 | D:4      | Noticed Menkaure
  2651 | D:4      | Killed Menkaure
  2789 | D:4      | Reached skill level 5 in Dodging
  2789 | D:4      | Reached XP level 8. HP: 68/70 MP: 3/3
  2821 | D:5      | Entered Level 5 of the Dungeon
  3605 | D:5      | Noticed Goblin1989's ghost (experienced MiBe)
  3621 | D:5      | Killed Goblin1989's ghost
  3621 | D:5      | Reached skill level 7 in Fighting
  4019 | D:6      | Reached skill level 5 in Shields
  4125 | D:6      | Noticed Eustachio
  4141 | D:6      | Killed Eustachio
  4141 | D:6      | Reached XP level 9. HP: 79/79 MP: 4/4
  4533 | D:6      | Found a glowing drain.
  4548 | Sewer    | Entered a sewer
  4577 | Sewer    | Noticed Purgy
  4594 | Sewer    | Killed Purgy
  4965 | D:6      | Noticed Edmund
  4978 | D:6      | Killed Edmund
  5373 | D:7      | Reached skill level 8 in Polearms
  6118 | D:7      | Received a gift from Trog
  6309 | D:7      | Found a staircase to the Ecumenical Temple.
  6434 | D:8      | Noticed Joseph
  6445 | D:8      | Reached XP level 10. HP: 83/90 MP: 4/4
  6458 | D:8      | Killed Joseph
  6561 | D:8      | Reached skill level 9 in Polearms
  6820 | D:8      | Noticed Maurice
  6838 | D:8      | Killed Maurice
  7249 | D:9      | Found a staircase to the Lair.
  7690 | D:9      | Reached skill level 10 in Polearms
  7805 | D:9      | Noticed Grum
  7815 | D:9      | Killed Grum
  8051 | D:10     | Entered Level 10 of the Dungeon
  8066 | D:10     | Received a gift from Trog
  8114 | D:10     | Noticed an unseen horror
  8127 | D:10     | Killed an unseen horror
  8127 | D:10     | Reached skill level 10 in Fighting
  8127 | D:10     | Reached XP level 11. HP: 94/99 MP: 1/4
  8458 | D:10     | Noticed Sonja
  8459 | D:10     | Paralysed by Sonja for 3 turns
  8479 | D:10     | Paralysed by Sonja for 4 turns
  8586 | D:11     | Reached skill level 11 in Polearms
  8613 | D:11     | Noticed an eight-headed hydra
  8653 | D:10     | Reached skill level 10 in Armour
  8659 | D:10     | Killed Sonja
  8844 | D:10     | Noticed Erica
  8846 | D:10     | Noticed Josephine
  8859 | D:10     | Killed Erica
  8901 | D:10     | Noticed a hill giant
  8930 | D:10     | Killed Josephine
  8948 | D:10     | Killed a hill giant
  9158 | D:11     | Reached skill level 12 in Polearms
  9271 | D:11     | Gained mutation: You are partially covered in slimy green scales (AC +2). [mutagenic meat]
  9272 | D:11     | Gained mutation: You expend magic power (3 MP) to slightly strengthen your wands. [mutagenic meat]
  9312 | D:11     | Gained mutation: You possess an exceptional clarity of mind. [mutagenic meat]
  9313 | D:11     | Gained mutation: You have large cloven feet. [mutagenic meat]
  9314 | D:11     | Lost mutation: You have large cloven feet. [mutagenic meat]
  9315 | D:11     | Gained mutation: Your muscles are strong. (Str +2) [mutagenic meat]
  9715 | D:11     | Killed an eight-headed hydra
  9715 | D:11     | Reached XP level 12. HP: 110/110 MP: 1/5
  9774 | D:11     | Reached skill level 10 in Dodging
 10176 | D:12     | Found a staircase to the Orcish Mines.
 10529 | D:12     | Gained mutation: Armour fits poorly on your strangely shaped body. [mutagenic meat]
 10530 | D:12     | Gained mutation: Your body is slowly deteriorating. [mutagenic meat]
 10531 | D:12     | Gained mutation: You are somewhat resistant to further mutation. [mutagenic meat]
 10532 | D:12     | Gained mutation: You are robust (+10% HP). [mutagenic meat]
 10749 | Orc:1    | Entered Level 1 of the Orcish Mines
 10758 | D:12     | Reached skill level 13 in Polearms
 10933 | Orc:1    | Noticed Psyche
 10940 | Orc:1    | Killed Psyche
 11120 | Orc:2    | Noticed Erolcha
 11225 | Orc:2    | Found a roughly hewn altar of Beogh.
 11226 | Orc:2    | Received a gift from Trog
 11282 | Orc:2    | Killed Erolcha
 11457 | Orc:2    | Reached skill level 1 in Crossbows
 11779 | Orc:3    | Found a staircase to the Elven Halls.
 11790 | Orc:3    | Found Uziados' Weapon Shop.
 11971 | Orc:3    | Received a gift from Trog
 11993 | Orc:3    | Found a dark tunnel.
 12040 | Volcano  | Entered a volcano
 12231 | Volcano  | Found a burning altar of Makhleb.
 12813 | Orc:4    | Entered Level 4 of the Orcish Mines
 12872 | Orc:4    | Found a labyrinth entrance.
 12879 | Lab      | Entered a labyrinth
 13184 | Lab      | Noticed a minotaur
 13192 | Lab      | Killed a minotaur
 13192 | Lab      | Reached skill level 14 in Polearms
 13537 | Orc:4    | Received a gift from Trog
 13574 | Orc:4    | Found a roughly hewn altar of Beogh.
 13599 | Orc:4    | Found Pleo's Antique Weapon Shop.
 13614 | Orc:4    | Reached XP level 13. HP: 130/130 MP: 1/5
 14000 | Orc:4    | Found Feozil's Jewellery Shoppe.
 14130 | Orc:4    | HP: 4/130 [orc knight/war axe (5)]
 14130 | Orc:4    | Slain by an orc knight

Action                   |  1- 3 |  4- 6 |  7- 9 | 10-12 | 13-15 || total
-------------------------+-------+-------+-------+-------+-------++-------
Melee: Spear             |   128 |   173 |   550 |       |       ||   851
       Glaive            |       |       |    21 |   226 |       ||   247
       Demon trident     |       |       |       |   636 |   103 ||   739
Throw: Javelin           |       |       |       |     1 |       ||     1
Invok: Berserk           |     2 |     2 |    14 |    30 |     2 ||    50
       Trog's Hand       |     1 |       |     5 |    22 |     2 ||    30
       Brothers in Arms  |       |       |       |    11 |     1 ||    12
Evoke: Wand              |       |       |       |     1 |       ||     1
  Use: Scroll            |       |     1 |     8 |    11 |     1 ||    21
       Potion            |       |       |       |    14 |     4 ||    18
  Eat: Chunk             |     2 |     6 |     5 |    35 |       ||    48
       Meat ration       |       |       |     2 |       |       ||     2
       Bread ration      |       |       |     3 |     7 |     2 ||    12
       Pizza             |       |       |     1 |     1 |       ||     2
       Beef jerky        |       |       |     1 |     1 |       ||     2
       Fruit             |       |       |       |     1 |       ||     1
